 Dungeon Crawl Stone Soup version 0.16-a0-3724-gf14d081 (webtiles) character file.

147 SkaryMonk the Gusty (level 4, 0/33 HPs)
             Began as a Demigod Wanderer on Jan 21, 2015.
             Succumbed to a scorpion's poison
             ... on level 4 of the Dungeon.
             The game lasted 00:13:02 (3952 turns).

SkaryMonk the Gusty (Demigod Wanderer)              Turns: 3952, Time: 00:13:02

Health: 0/33       AC:  2    Str: 14    XL:     4   Next: 80%
Magic:  8/8        EV: 11    Int: 19    God:
Gold:   111        SH:  0    Dex: 15    Spells: 2 memorised, 2 levels left

rFire  . . .     SeeInvis .     e - +0 dagger
rCold  . . .     Clarity  .     m - +0 robe
rNeg   . . .     SustAb   +     (no shield)
rPois  .         Gourm    .     (no helmet)
rElec  .         Spirit   .     (no cloak)
rCorr  .         Warding  .     (no gloves)
rMut   .         Stasis   .     (no boots)
MR     .....                    (no amulet)
Stlth  ++........               (no ring)
                                (no ring)

@: lethally poisoned, very slightly contaminated, not resistant to hostile
enchantments, unstealthy
A: sustain abilities
a: no special abilities


You were on level 4 of the Dungeon.
You were not hungry.

You visited 1 branch of the dungeon, and saw 4 of its levels.

You collected 111 gold pieces.

Notes
Turn   | Place    | Note
--------------------------------------------------------------
     0 | D:1      | SkaryMonk, the Demigod Wanderer, began the quest for the Orb.
     0 | D:1      | SkaryMonk set off with: a book of Air, the Almanac of Envenoming, Ozocubu's Disquisition on the Snowflakes, a +0 robe, a +0 dagger, a bread ration
     0 | D:1      | Reached XP level 1. HP: 14/14 MP: 3/3
     0 | D:1      | Identified the Almanac of Envenoming
     0 | D:1      | Identified Ozocubu's Disquisition on the Snowflakes
     2 | D:1      | Learned a level 1 spell: Shock
   400 | D:1      | Reached XP level 2. HP: 8/20 MP: 0/4
   404 | D:1      | Learned a level 2 spell: Swiftness
  1738 | D:2      | Reached XP level 3. HP: 16/26 MP: 4/6
  2181 | D:2      | Found a sparkling altar of Nemelex Xobeh.
  2337 | D:2      | Reached skill level 4 in Air Magic
  2527 | D:3      | Noticed SkaryMonk's ghost (average DgWn)
  2759 | D:3      | Reached XP level 4. HP: 33/33 MP: 8/8
  3606 | D:4      | Found a basalt altar of Yredelemnul.
  3606 | D:4      | Found a white marble altar of Elyvilon.
  3607 | D:4      | Found an iron altar of Okawaru.
  3608 | D:4      | Found a snail-covered altar of Cheibriados.
  3608 | D:4      | Found a shimmering altar of Xom.
  3611 | D:4      | Found a glowing silver altar of Zin.
  3952 | D:4      | Succumbed to a scorpion's poison

Inventory:

Hand weapons
 e - a +0 dagger (weapon)
Missiles
 g - 5 tomahawks (quivered)
Armour
 d - a +0 robe
 j - a +0 leather armour
 l - a +0 ring mail
 m - a +0 robe (worn)
Magical devices
 o - a wand of teleportation (2)
Scrolls
 i - a scroll of immolation {unknown}
 p - a scroll of fog
 r - 2 scrolls of remove curse
Books
 a - a book of Air

   Spells                             Type                      Level
   a - Shock                          Conjuration/Air              1
   b - Swiftness                      Charms/Air                   2
   c - Repel Missiles                 Charms/Air                   2
   d - Flight                         Charms/Air                   3
   e - Static Discharge               Conjuration/Air              3
   f - Lightning Bolt                 Conjuration/Air              5
 b - the Almanac of Envenoming

   Spells                             Type                      Level
   a - Sting                          Conjuration/Poison           1
   b - Cure Poison                    Poison                       2
 c - Ozocubu's Disquisition on the Snowflakes

   Spells                             Type                      Level
   a - Throw Frost                    Conjuration/Ice              2
   b - Ensorcelled Hibernation        Hexes/Ice                    2
Comestibles
 f - 2 bread rations
 k - 3 fruits
 n - 3 meat rations
 t - a beef jerky

Table legend:
 A = Turns spent in this place as a percentage of turns spent in the entire game.
 B = Non-inter-level travel turns spent in this place as a percentage of non-inter-level travel turns spent in the entire game.
 C = Inter-level travel turns spent in this place as a percentage of turns spent in this place.
 D = Turns resting spent in this place as a percentage of non-inter-level travel turns spent in this place.
 E = Turns spent auto-exploring this place as a percentage of non-inter-level travel turns spent in this place.
 F = Non-inter-level travel turns spent in this place divided by the number of levels of this place that you've seen.
                   A       B       C       D       E      F
               +-------+-------+-------+-------+-------+----------------------
         Total | 100.0 | 100.0 |   0.4 |   5.4 |   7.6 | 284.0
       Dungeon | 100.0 | 100.0 |   0.4 |   5.4 |   7.6 | 284.0
               +-------+-------+-------+-------+-------+----------------------


   Skills:
 - Level 1.0 Throwing
 - Level 3.6 Stealth
 - Level 1.0 Spellcasting
   Level 1.7 Ice Magic
 + Level 4.8 Air Magic


You had 2 spell levels left.
You knew the following spells:

 Your Spells              Type           Power        Failure   Level  Hunger
a - Shock                 Conj/Air       ##..         10%         1    ##.....
b - Swiftness             Chrm/Air       ##......     12%         2    ###....


Dungeon Overview and Level Annotations

Branches:
Dungeon (4/15)
 Temple: D:4-7

Annotations:
D:3 SkaryMonk's ghost, average DgWn


Innate Abilities, Weirdness & Mutations

Your attributes are resistant to harm.


Message History

You hit the scorpion.
The scorpion is severely wounded.
You feel sick. The scorpion stings you.
You are lethally poisoned!
The scorpion poisons you!
You hit the scorpion but do no damage.
The scorpion is severely wounded.
You feel sick. The scorpion barely misses you.
Drink which item? (? for menu, Esc to quit)
It was a potion of magic.
Magic courses through your body.
You feel sick. The scorpion stings you.
Casting: Shock
Confirm with . or Enter, or press ? or * to list all spells.
Okay, then.
* * * LOW HITPOINT WARNING * * *
You feel sick. The scorpion stings you.
* * * LOW HITPOINT WARNING * * *
* * * LOW HITPOINT WARNING * * *
You feel sick.
You die...

#...................##
#..####..######.##...#
###..##....## #...#...#
........_...# #........
####.._.....## #........
#.........# #.#.....>
#._..⌠.._.# #.##....#
#.........###.##....#
#.s.@.._....#.##.#.##
#...._....##..##.#.##
#.##...#.###.......##
...s.....######.###.....####
######### ##...#.#### #
#####.####### #........
######### #########


You could see a scorpion.

Table legend:
 A = Kills in this place as a percentage of kills in entire the game.
 B = Kills by you in this place as a percentage of kills by you in the entire game.
 C = Kills by friends in this place as a percentage of kills by friends in the entire game.
 D = Other kills in this place as a percentage of other kills in the entire game.
 E = Experience gained in this place as a percentage of experience gained in the entire game.
 F = Experience gained in this place divided by the number of levels of this place that you have seen.
                   A       B       C       D       E      F
               +-------+-------+-------+-------+-------+----------------------
         Total | 100.0 | 100.0 |  -nan |  -nan | 100.0 |  52.5
       Dungeon | 100.0 | 100.0 |  -nan |  -nan | 100.0 |  52.5
               +-------+-------+-------+-------+-------+----------------------

Vanquished Creatures
  A giant frog skeleton (D:4)
  2 adders
  2 worms
  4 giant geckos
  An ooze (D:1)
  2 orcs (D:3)
  8 giant cockroaches
  7 hobgoblins
  13 jackals
  3 quokkas
  A ball python (D:3)
  9 bats
  6 giant newts
  7 goblins
  5 kobolds
  6 rats
77 creatures vanquished.

Action                   |  1- 3 |  4- 6 || total
-------------------------+-------+-------++-------
Melee: Dagger            |   177 |    65 ||   242
Throw: Tomahawk          |    11 |       ||    11
 Cast: Shock             |    47 |    26 ||    73
  Use: Scroll            |     3 |     3 ||     6
       Potion            |     1 |     2 ||     3
 Stab: Sleeping          |     5 |     2 ||     7
  Eat: Chunk             |     8 |     4 ||    12

Vault maps used:
D:1:      lemuel_arrival_broad_hall, minmay_door_square
D:2:      nemelex_xobeh_ov_fountains_minmay
D:3:      minmay_misc_feat_square
D:4:      grunt_temple_overflow_open, kennysheep_nondescript
